 Dungeon Crawl Stone Soup version 0.26.0-18-gc5c842f807 (webtiles) character file.

Game seed: 18395885710470702648

35 kaeus the Firebug (level 3, -2/19 HPs)
             Began as a Gargoyle Fire Elementalist on Jan 22, 2021.
             Slain by a worm (3 damage)
             ... on level 2 of the Dungeon.
             The game lasted 00:01:22 (1527 turns).

kaeus the Firebug (Gargoyle Fire Elementalist)      Turns: 1527, Time: 00:01:23

Health: -2/19      AC: 10    Str: 11    XL:     3   Next: 35%
Magic:  6/6        EV:  8    Int: 16    God:
Gold:   72         SH:  0    Dex: 10    Spells: 6/7 levels left

rFire    . . .     SeeInvis .   g - +0 dagger
rCold    . . .     Faith    .   (no shield)
rNeg     + . .     Spirit   .   d - +0 scale mail
rPois    ∞         Reflect  .   (no helmet)
rElec    +         Harm     .   (no cloak)
rCorr    .         Rampage  .   m - +0 pair of gloves
Will     .....                  (no boots)
Stlth    ..........             (no amulet)
HPRegen  0.06/turn              (no ring)
MPRegen  0.10/turn              (no ring)

@: no status effects
A: negative energy resistance 1, electricity resistance, unbreathing,
petrification resistance, miasma immunity, AC +3
a: no special abilities


You were on level 2 of the Dungeon.
You visited 1 branch of the dungeon, and saw 2 of its levels.

You collected 72 gold pieces.

Inventory:

Hand Weapons
 g - a +0 dagger (weapon)
Armour
 d - a +0 scale mail (worn)
 m - a +0 pair of gloves (worn)
Scrolls
 e - a scroll of remove curse {unknown}
 f - 3 scrolls of magic mapping {unknown}
 i - a scroll of noise {unknown}
 k - 2 scrolls of identify {unknown}
 l - 3 scrolls of teleportation {unknown}
Potions
 a - a potion of might {unknown}
 b - a potion of heal wounds {unknown}
 c - a potion of curing {unknown}
 h - a potion of magic
 j - a potion of cancellation {unknown}


   Skills:
 - Level 1.5 Dodging
 - Level 2.1 Stealth
 + Level 2.5 Spellcasting
 + Level 2.2 Conjurations
 + Level 3.4 Fire Magic


You had 6 spell levels left.
You knew the following spells:

 Your Spells              Type           Power        Failure   Level
a - Foxfire               Conj/Fire      44%          36%         1

Your spell library contained the following spells:

 Spells                   Type           Power        Failure   Level
 Conjure Flame            Conj/Fire      11%          75%         3
 Inner Flame              Hex/Fire       7%           88%         3
 Sticky Flame             Conj/Fire      11%          98%         4
 Fireball                 Conj/Fire      5%           100%        5


Dungeon Overview and Level Annotations

Branches:
Dungeon (2/15)

Altars:


Innate Abilities, Weirdness & Mutations

You are resistant to torment.
Your stone body is resilient. (AC +3)
You are immune to poison.
You resist negative energy. (rN+)
You are resistant to electric shocks. (rElec)
You can survive without breathing.
You are immune to petrification.
You are immune to miasma.


Message History

You are too injured to fight recklessly!
A worm is nearby!
You are too injured to fight recklessly!
A worm is nearby!
You are too injured to fight recklessly!
You hit the worm.
The worm is lightly wounded.
The worm bites you but does no damage.
You barely miss the worm.
The worm is lightly wounded.
You completely miss the worm.
The worm is lightly wounded.
The worm bites you!
* * * LOW HITPOINT WARNING * * *
You take 7 damage, and have 1/19 hp.
MASSIVE DAMAGE!!
You hit the worm but do no damage.
The worm is lightly wounded.
Unknown command.
It was a potion of magic.
Magic courses through your body. The worm bites you.
You die...

# # #. .# #. . .. .# ##
.# #. ## #.. ?#$ ..
##.. #w# .##
#...##@##..#
#.#........# #####
#.#$...)...# #...#
#....(†...######...####
##.......###...........
#.#..$### #.###...#...
#(......# #.###...#...
###...#.# #>.......###
#...#.# #.###....#


You could see a worm.

Vanquished Creatures
  A worm (D:2)
  A dart slug (D:2)
  2 bats
  A giant cockroach (D:1)
  2 goblins (D:1)
  3 hobgoblins
  4 jackals (D:1)
  5 kobolds
  A frilled lizard (D:1)
  10 rats
30 creatures vanquished.

Vanquished Creatures (others)
  58 foxfires
  6 toadstools (D:2)
64 creatures vanquished.

Grand Total: 94 creatures vanquished

Notes
Turn   | Place    | Note
-------+----------+-------------------------------------------
     0 | D:1      | kaeus the Gargoyle Fire Elementalist began the quest for
                  | the Orb.
     0 | D:1      | Reached XP level 1. HP: 10/10 MP: 3/3
   449 | D:1      | Reached XP level 2. HP: 15/15 MP: 1/5
  1184 | D:2      | Reached XP level 3. HP: 19/19 MP: 0/6
  1527 | D:2      | Slain by a worm

Illustrated notes

Levels and vault maps discovered:
D:1:      ncdulo_halloftheorcs, layout_rooms, st_stairs_5, minmay_distorted
D:2:      cheibrodos_fertilizer, layout_basic, tso_oasis_becter, zin_statuary,
          minmay_tall_x

Skill      XL: |  1  2 |
---------------+-------+-----
Conjurations   | 2 |  2.2
Dodging        | |  1.5
Stealth        | |  2.1
Spellcasting   | |  2.5
Fire Magic     | |  3.4

Action                   || total
-------------------------++-------
Melee: Club              ||    21
       Unarmed           ||     6
       Dagger            ||    50
 Cast: Foxfire           ||    40
  Use: Potion            ||     1
Armor: Scale mail        ||    40
       Robe              ||     2
       Skin              ||     1
Dodge: Dodged            ||    32
